 Dungeon Crawl Stone Soup version 0.26-a0-660-gc07710193c (webtiles) character file.

Game seed: 207012606105691882

1941 rogsnak the Destroyer (level 9, -4/48 HPs)
             Began as a Tengu Air Elementalist on Oct 5, 2020.
             Was a Believer of Sif Muna.
             Killed from afar by Maggie (31 damage)
             ... with a bolt of fire
             ... on level 6 of the Dungeon.
             The game lasted 00:24:33 (8562 turns).

rogsnak the Destroyer (Tengu Air Elementalist)      Turns: 8562, Time: 00:24:34

Health: -4/48      AC:  3    Str:  4 (6)  XL:     9   Next: 18%
Magic:  4/19       EV: 16    Int: 16 (18) God:    Sif Muna [**....]
Gold:   271        SH:  0    Dex: 19 (21) Spells: 12/20 levels left

rFire    . . .     SeeInvis .   D - +3 dagger "Cozukios" {elec, rElec rN+ Str-3}
rCold    . . .     Faith    .   (no shield)
rNeg     + . .     Spirit   .   w - +0 robe (curse)
rPois    .         Reflect  .   (helmet restricted)
rElec    +         Harm     .   (no cloak)
rCorr    .         Rampage  .   u - +0 pair of gloves
MR       .....                  (boots unavailable)
Stlth    +++.......             (no amulet)
HPRegen  0.16/turn              g - +6 ring of dexterity
MPRegen  0.16/turn              l - ring of stealth

@: flying quickly and evasively, quick
A: beak, talons 3, able to fly
a: Stop Flying, Channel Magic, Renounce Religion


You were on level 6 of the Dungeon.
You worshipped Sif Muna.
Sif Muna was pleased with you.
You visited 1 branch of the dungeon, and saw 6 of its levels.

You collected 271 gold pieces.

Inventory:

Hand Weapons
 c - a +0 dagger
 o - a +0 short sword
 y - a +1 vorpal flail
 B - a +1 mace of protection
 D - the +3 dagger "Cozukios" (weapon) {elec, rElec rN+ Str-3}
   (You found it on level 5 of the Dungeon)

   Occasionally, upon striking a foe, it will discharge some electrical energy
   and cause terrible harm.
   It affects your strength (-3).
   It insulates you from electricity.
   It protects you from negative energy.
 G - a +4 spear of flaming
 K - a +4 falchion
Missiles
 d - 151 stones (quivered)
 m - 185 arrows
 x - 9 boomerangs
Armour
 a - a +0 robe
 u - a +0 pair of gloves (worn)
 w - a cursed +0 robe (worn)
Jewellery
 g - a +6 ring of dexterity (left hand)
 l - a ring of stealth (right hand)
 E - an uncursed ring of positive energy
 I - an uncursed amulet of reflection
Wands
 F - a wand of paralysis (12)
Scrolls
 h - 7 scrolls of remove curse {unknown}
 i - 3 scrolls of fog {unknown}
 n - 2 scrolls of noise {unknown}
 p - a scroll of fear {unknown}
 r - a scroll of immolation {unknown}
 t - 6 scrolls of identify {unknown}
 v - a scroll of enchant armour {unknown}
 A - 4 scrolls of teleportation {unknown}
 C - 2 scrolls of amnesia {unknown}
 J - a scroll of summoning {unknown}
Potions
 b - 2 potions of heal wounds {unknown}
 e - 2 potions of ambrosia {unknown}
 f - a potion of might {unknown}
 j - 3 potions of degeneration
 k - 2 potions of haste
 q - a potion of cancellation
 s - a potion of curing {unknown}
 z - 2 potions of flight {unknown}
 H - a potion of invisibility {unknown}


   Skills:
 + Level 1.6 Fighting
 + Level 2.8 Dodging
 - Level 2.0 Stealth
 + Level 6.3 Spellcasting
 * Level 9.7 Conjurations
 + Level 8.2 Air Magic


You had 12 spell levels left.
You knew the following spells:

 Your Spells              Type           Power        Failure   Level
a - Shock                 Conj/Air       ####         1%          1
b - Swiftness             Air            ####....     1%          2
c - Lightning Bolt        Conj/Air       ####......   9%          5

Your spell library contained the following spells:

 Spells                   Type           Power        Failure   Level
 Static Discharge         Conj/Air       ####....     1%          3
 Airstrike                Air            ####......   4%          4


Dungeon Overview and Level Annotations

Branches:
Dungeon (6/15)             Temple (0/1) D:5

Altars:
Ashenzari
Elyvilon
Makhleb
Okawaru
Qazlal
Ru
Sif Muna
Uskayaw
Vehumet
Yredelemnul

Annotations:
D:6 Maggie


Innate Abilities, Weirdness & Mutations

You have a beak for a mouth.
You have claws for feet.
You can fly continuously.


Message History

The zap hits Maggie.
Maggie is almost dead.
Maggie closely misses you.
Casting: Shock (safe; 1% risk of failure)
Confirm with . or Enter, or press ? or * to list all spells.
Aiming: Shock (safe; 1% risk of failure)
Press: ? - help, Shift-Dir - straight line, f/p - Maggie
Aim: Maggie, wielding a +0 halberd, wearing +0 acid dragon scales and carrying a wand of enslavement (9) (almost dead)
Okay, then.
Maggie zaps a wand.
Your will is overpowered!
You are confused.
Unknown command.
Okay, then.
Your magical effects are unravelling.
You feel magically purged.
You no longer feel sluggish.
You feel less confused. Maggie casts a spell at you.
The bolt of fire hits you!!
Ouch! That really hurt!
You die...

.....................>...........
........###...###################
.....#### ###.### #..... .....#
#...# #.#### .....##########.#
... ..............).## . ...##
.....#########...### ....# .....#
##...@##†....### .....#
##@#......>....### .....#
#.#.###.... #...## ######
####.#.#### ## ###... #.........#
#### #.........# # #.........#
#.........# #.........#
#.........#


You could see Maggie.

Vanquished Creatures
  A human (D:3)
  An ice beast (D:6)
  2 ogres
  A centaur (D:6)
  A bullfrog (D:6)
  6 killer bees (D:6)
  4 wights (D:6)
  A vampire bat (D:5)
  2 howler monkeys (D:4)
  A hound (D:4)
  2 centaur skeletons
  3 orc priests
  4 orc wizards (D:4)
  5 worker ants
  A hound skeleton (D:6)
  8 gnolls
  11 adders
  A white imp (D:5)
  An ufetubus (D:5)
  3 dart slugs
  3 fire bats (D:5)
  9 leopard geckos
  20 orcs
  2 spectral bats (D:5)
  3 bat skeletons (D:5)
  A bat zombie (D:5)
  6 giant cockroaches
  10 goblins
  9 hobgoblins
  13 jackals
  11 kobolds
  7 quokkas
  18 bats
  A bat simulacrum (D:5)
  8 frilled lizards
  8 rats
188 creatures vanquished.

Notes
Turn   | Place    | Note
-------+----------+-------------------------------------------
     0 | D:1      | rogsnak the Tengu Air Elementalist began the quest for the
                  | Orb.
     0 | D:1      | Reached XP level 1. HP: 10/10 MP: 4/4
   164 | D:1      | Reached XP level 2. HP: 15/15 MP: 0/6
   552 | D:1      | Reached skill level 2 in Conjurations
   631 | D:1      | Reached XP level 3. HP: 19/19 MP: 4/7
  1721 | D:2      | Reached skill level 5 in Air Magic
  1721 | D:2      | Reached XP level 4. HP: 22/24 MP: 4/9
  1811 | D:2      | Learned a level 2 spell: Swiftness
  1932 | D:2      | Noticed a centaur
  1947 | D:2      | Reached skill level 3 in Conjurations
  2205 | D:2      | Found a hide-covered altar of Uskayaw.
  2876 | D:3      | Gained mutation: You can fly continuously. [Tengu growth]
  2876 | D:3      | Reached XP level 5. HP: 28/28 MP: 8/10
  3140 | D:3      | Found an iron altar of Okawaru.
  3528 | D:3      | Found a stormy altar of Qazlal.
  3560 | D:3      | Learned a level 5 spell: Lightning Bolt
  3565 | D:3      | Found a burning altar of Makhleb.
  3837 | D:3      | Reached skill level 4 in Conjurations
  4189 | D:3      | Found a runed translucent door.
  4189 | D:3      | Noticed a human
  4193 | D:3      | Found a basalt altar of Yredelemnul.
  4288 | D:3      | Killed a human
  4288 | D:3      | Reached skill level 5 in Conjurations
  4288 | D:3      | Reached XP level 6. HP: 29/32 MP: 3/12
  4373 | D:3      | Found a shimmering blue altar of Sif Muna.
  4379 | D:3      | Became a worshipper of Sif Muna the Loreminder
  4960 | D:4      | Reached XP level 7. HP: 36/36 MP: 8/14
  4988 | D:4      | Reached skill level 6 in Conjurations
  5253 | D:4      | Found a sacrificial altar of Ru.
  5591 | D:4      | Reached * piety under Sif Muna
  5831 | D:5      | Entered Level 5 of the Dungeon
  5925 | D:5      | Got a translucent dagger
  5926 | D:5      | Identified the +3 dagger "Cozukios" {elec, rElec rN+ Str-3}
                  | (You found it on level 5 of the Dungeon)
  5940 | D:5      | Reached skill level 7 in Conjurations
  6028 | D:5      | Reached XP level 8. HP: 3/41 MP: 4/16
  6335 | D:5      | Found a broken altar of Ashenzari.
  6365 | D:5      | Paralysed by a gnoll for 3 turns
  6523 | D:5      | Reached skill level 5 in Spellcasting
  6904 | D:5      | Found a staircase to the Ecumenical Temple.
  7048 | D:5      | Reached ** piety under Sif Muna
  7200 | D:5      | Reached skill level 8 in Conjurations
  7491 | D:6      | Found a white marble altar of Elyvilon.
  8015 | D:6      | Reached skill level 9 in Conjurations
  8100 | D:6      | Found a radiant altar of Vehumet.
  8141 | D:6      | Noticed Maggie
  8240 | D:6      | Reached XP level 9. HP: 46/46 MP: 12/19
  8469 | D:6      | Reached skill level 1 in Fighting
  8562 | D:6      | Killed from afar by Maggie

Illustrated notes

Levels and vault maps discovered:
D:1:      dpeg_chamrin_arrival_tetris, layout_basic
D:2:      layout_loops_ring, nicolae_overflow_crystal_walls,
          lightli_corner_chamber
D:3:      layout_loops_corners, bloody_makhleb, led_sif_pool,
          lemuel_round_altar, old_standard_altar, dk_yredelemnul_ordeal
D:4:      layout_basic, nicolae_overflow_hidden_temple, nrook_uturn,
          minmay_cut_off
D:5:      layout_rooms, lemuel_crystal_altar, lemuel_temple_firewalk_a,
          goddamned_bats
D:6:      layout_rooms, lemuel_doored_altar, elyvilon_altar_5, uniq_maggie

Skill      XL: |  1  2  3  4  5  6  7  8  9 |
---------------+----------------------------+-----
Conjurations   | 2 3 5 7 9 |  9.7
Air Magic      | 5 6 7 8 |  8.2
Spellcasting   | 3 4 6 |  6.3
Fighting       | 1 |  1.6
Dodging        | |  2.8
Stealth        | |  2.0

Action                   |  1- 3 |  4- 6 |  7- 9 || total
-------------------------+-------+-------+-------++-------
Melee: Dagger            |     5 |     1 |    11 ||    17
       Kick              |     1 |     1 |     1 ||     3
       Mace              |       |     2 |       ||     2
 Cast: Shock             |    69 |   160 |   240 ||   469
       Lightning Bolt    |       |       |     1 ||     1
       Swiftness         |       |       |     1 ||     1
 Abil: Fly               |       |     1 |       ||     1
  Use: Potion            |       |       |     3 ||     3
 Stab: Sleeping          |       |       |     1 ||     1
Armor: Robe              |     3 |     2 |    12 ||    17
Dodge: Dodged            |    14 |    25 |    65 ||   104

Table legend: (Time is in decaauts)
 A = Elapsed time spent in this place.
 B = Non-inter-level travel time spent in this place.
 C = Inter-level travel time spent in this place.
 D = Time resting spent in this place.
 E = Time spent auto-exploring this place.
 F = Levels seen in this place.
 G = Mean time per level.
                   A        B        C        D        E       F      G
               +--------+--------+--------+--------+--------+-----+--------+
         Total |   8280 |   8126 |    154 |   2933 |   3350 |   6 | 1380.0 |
       Dungeon |   8280 |   8126 |    154 |   2933 |   3350 |   6 | 1380.0 |
               +--------+--------+--------+--------+--------+-----+--------+

Top non-repeatable levels by time:
     D:5: 1585 daAuts
     D:3: 1565 daAuts
     D:2: 1506 daAuts
     D:4: 1384 daAuts
     D:1: 1320 daAuts
     D:6: 918 daAuts
